 Seeded DCSS version 0.30-a0-760-g5a9884bb7c (webtiles) character file.

Game seed: 20230210 (custom seed)

118 Orangeyouglad the Stinger (level 4, -1/24 HPs)
             Began as a Deep Elf Venom Mage on Feb 10, 2023.
             Killed by divine providence
             ... invoked by an orc priest
              (12 damage)
             ... on level 4 of the Dungeon.
             The game lasted 00:06:01 (2864 turns).

Orangeyouglad the Stinger (Deep Elf Venom Mage)     Turns: 2864, Time: 00:06:02

Health: -1/24      AC:  4    Str:  5    XL:     4   Next: 72%
Magic:  6/12       EV: 28    Int: 22    God:
Gold:   109        SH:  0    Dex: 15    Spells: 5/11 levels left

rFire   . . .      SeeInvis .    y - +2 dagger (holy)
rCold   . . .      Faith    .    (no shield)
rNeg    . . .      Spirit   .    a - +0 robe
rPois   .          Reflect  .    r - +1 hat
rElec   .          Harm     .    (no cloak)
rCorr   .          Rampage  .    (no gloves)
Will    .....                    m - +0 pair of boots
Stlth   ++                       h - amulet of the acrobat
HPRegen 0.24/turn                (no ring)
MPRegen 0.13/turn                (no ring)

@: acrobatic
A: no striking features
a: no special abilities


You were on level 4 of the Dungeon.
You visited 1 branch of the dungeon, and saw 4 of its levels.

You collected 109 gold pieces.

Inventory:

Hand Weapons
 c - a +0 dagger
 y - a +2 dagger of holy wrath (weapon)
Missiles
 o - 2 curare-tipped darts
Armour
 a - a +0 robe (worn)
 m - a +0 pair of boots (worn)
 r - a +1 hat (worn)
Jewellery
 h - an amulet of the acrobat (around neck)
 u - an amulet of magic regeneration
Scrolls
 d - a scroll of fear {unknown}
 e - 2 scrolls of teleportation {unknown}
 f - 2 scrolls of fog {unknown}
 g - 2 scrolls of enchant weapon {unknown}
 n - 3 scrolls of identify {unknown}
 t - a scroll of enchant armour {unknown}
 v - a scroll of silence {unknown}
Potions
 b - a potion of magic
 i - 2 potions of mutation {unknown}
 j - a potion of invisibility {unknown}
 k - 2 potions of heal wounds {unknown}
 l - 2 potions of degeneration {unknown}
 p - a potion of flight {unknown}
 q - 2 potions of curing {unknown}
 s - a potion of brilliance {unknown}
 w - a potion of haste {unknown}
 x - a potion of resistance {unknown}


   Skills:
 + Level 3.4 Dodging
 + Level 3.5 Stealth
 + Level 4.0 Spellcasting
 - Level 2.3 Transmutations
 + Level 0.1 Air Magic
 + Level 4.0 Poison Magic


You had 5 spell levels left.
You knew the following spells:

 Your Spells              Type           Power      Damage    Failure   Level
a - Sting                 Tmut/Pois      72%        1d6       3%          1
b - Poisonous Vapours     Pois/Air       26%        N/A       7%          2
c - Mephitic Cloud        Conj/Pois/Air  10%        N/A       19%         3

Your spell library contained the following spells:

 Spells                   Type           Power      Damage    Failure   Level
 Shock                    Conj/Air       16%        1d4       11%         1
 Olgreb's Toxic Radiance  Pois           22%        N/A       22%         4
 Swiftness                Air            5%         N/A       30%         3
 Airstrike                Air            2%         2d(1-17)  71%         4


Dungeon Overview and Level Annotations

Branches:
Dungeon (4/15)
 Temple: D:4-7

Altars:

Shops:
D:1 (

Annotations:
D:2 Sigmund


Message History

n - 3 scrolls labelled BUIZIA IF DIGG (gained 1)
Found 5 poisoned darts.
Found an escape hatch in the floor.
You now have 109 gold pieces (gained 13).
An orc wizard and an orc priest come into view.
Casting: Sting (safe; 3% risk of failure)
Confirm with . or Enter, or press ? or * to list all spells.
Aiming: Poisonous Vapours (safe; 7% risk of failure)
Press: ? - help, Dir - move target, f - orc priest
Aim: an orc priest, wielding a +0 mace (asleep) Poisonous vapours surround the orc priest!
The orc priest is poisoned.
The orc priest shouts!
You hear a shout!
Casting: Poisonous Vapours (safe; 7% risk of failure)
Confirm with . or Enter, or press ? or * to list all spells.
Aiming: Poisonous Vapours (safe; 7% risk of failure)
Press: ? - help, Dir - move target, f/p - orc priest
Aim: an orc priest, wielding a +0 mace (poisoned) Poisonous vapours surround the orc priest!
The orc priest looks even sicker.
The orc wizard shouts!
A jelly comes into view.
The orc priest mumbles some strange prayers to Beogh against you.
Beogh smites you!
Ouch! That really hurt!
The orc wizard gestures wildly while chanting.
The orc wizard flickers and vanishes!
Deactivating autopickup; reactivate with Ctrl-A.
Casting: Poisonous Vapours (safe; 7% risk of failure)
Confirm with . or Enter, or press ? or * to list all spells.
Aiming: Poisonous Vapours (safe; 7% risk of failure)
Press: ? - help, Dir - move target, f/p - orc priest
Aim: an orc priest, wielding a +0 mace (very poisoned) Poisonous vapours surround the orc priest!
The orc priest looks even sicker.
The orc priest casts a cantrip, but nothing happens.
The orc priest invokes the aid of Beogh against you.
Beogh smites you!
Ouch! That really hurt!
You die...

. . # !# #
#.#####.#.## ##
#o.o....>... ..
J.....#......##
..# #####
#.##.### ...
#.##.# #.#
#@##.## #.#
#.##..#####.#
#...........#
#####.####..#
#.# ##..######
#.# #.........
#.###(...#####
..............
#########.#.#.


You could see an orc priest (very poisoned).

Vanquished Creatures
  5 adders
  3 worms (D:2)
  7 orcs
  3 endoplasms
  3 giant cockroaches
  5 goblins
  3 hobgoblins
  4 quokkas
  4 ball pythons
  4 bats
  2 frilled lizards
  9 kobolds
  9 rats
61 creatures vanquished.

Notes
Turn   | Place    | Note
-------+----------+-------------------------------------------
     0 | D:1      | Orangeyouglad the Deep Elf Venom Mage began the quest for
                  | the Orb.
     0 | D:1      | Reached XP level 1. HP: 10/10 MP: 6/6
    74 | D:1      | Reached XP level 2. HP: 15/15 MP: 0/8
   148 | D:1      | Found Vieckusiph's Weapon Boutique.
   666 | D:2      | Noticed Sigmund
   759 | D:2      | Reached XP level 3. HP: 9/19 MP: 3/9
   983 | D:2      | Learned a level 2 spell: Poisonous Vapours
   994 | D:2      | Learned a level 3 spell: Mephitic Cloud
  1377 | D:3      | Reached XP level 4. HP: 22/24 MP: 2/11
  2864 | D:4      | Killed from afar by an orc priest

Illustrated notes

Levels and vault maps discovered:
D:1:      scummos_arrival_forest, layout_rooms, serial_shops,
          nicolae_shop_waterfront
D:2:      layout_loops_ring, serial_shops, shop_fountains, minmay_cupped,
          uniq_sigmund
D:3:      wad_crossroads, layout_basic
D:4:      layout_loops_ring, gammafunk_temple_overflow_forgotten,
          minmay_misc_feat_pillars, roderic_roman_lattice

Skill      XL: |  1  2  3  4 |
---------------+-------------+-----
Stealth        | 3 |  3.5
Dodging        | 3 |  3.4
Transmutations | 2 |  2.3
Poison Magic   | 4 |  4.0
Spellcasting   | 4 |  4.0
Air Magic      | |  0.1

Action                     |  1- 3 |  4- 6 || total
---------------------------+-------+-------++-------
  Melee: Dagger            |    11 |    10 ||    21
         Unarmed           |     1 |       ||     1
   Cast: Sting             |    75 |    37 ||   112
         Poisonous Vapours |     2 |     7 ||     9
         Mephitic Cloud    |       |     1 ||     1
   Stab: Sleeping          |       |     1 ||     1
 Armour: Robe              |     4 |     5 ||     9
  Dodge: Dodged            |    28 |    21 ||    49

Table legend: (Time is in decaauts)
 A = Elapsed time spent in this place.
 B = Non-inter-level travel time spent in this place.
 C = Inter-level travel time spent in this place.
 D = Time resting spent in this place.
 E = Time spent auto-exploring this place.
 F = Levels seen in this place.
 G = Mean time per level.
                   A        B        C        D        E       F      G
               +--------+--------+--------+--------+--------+-----+--------+
         Total |   2862 |   2800 |     62 |    254 |   1971 |   4 |  715.5 |
       Dungeon |   2862 |   2800 |     62 |    254 |   1971 |   4 |  715.5 |
               +--------+--------+--------+--------+--------+-----+--------+

Top non-repeatable levels by time:
     D:3: 1340 daAuts
     D:2: 694 daAuts
     D:1: 605 daAuts
     D:4: 222 daAuts
